 Dungeon Crawl Stone Soup version 0.32-a0-33-g74fbe46 (webtiles) character file.

Game seed: 11826571640469524742

1131 Dorkslayer the Ruffian (level 8, -11/26 HPs)
             Began as an Octopode Shapeshifter on Jan 19, 2024.
             Mangled by Maggie
             ... wielding a +1 broad axe of flaming
              (14 damage)
             ... on level 6 of the Dungeon on Jan 20, 2024.
             The game lasted 00:14:50 (4504 turns).

Dorkslayer the Ruffian (Octopode Shapeshifter)      Turns: 4504, Time: 00:14:50

Health: -11/26     AC:  2    Str: 16    XL:     8   Next: 36%
Magic:  8/8        EV: 24    Int: 12    God:
Gold:   194        SH:  0    Dex: 11    Spells: 7/7 levels left

rFire   . .          .
                       - Unarmed
rCold   . . .        (shield currently unavailable)
rNeg    . . .        p - +1 hat
rPois   +            (no amulet)
rElec   .            g - +5 ring of evasion
rCorr   .            e - +5 ring of evasion
SInv    .            h - ring of poison resistance
Will    .....        (no ring)
Stlth   ++++         (no ring)
HPRegen 0.24/turn    (no ring)
MPRegen 0.11/turn    (no ring)
                     (no ring)

%: no passive effects
@: blade tentacles, mesmerised
A: reduced hp, almost no armour, amphibious, 8 rings, camouflage 1, gelatinous
body 1, (nimble swimmer 1), tentacles
a: Begin Untransformation


You were on level 6 of the Dungeon.
You had blades for main tentacles.
You visited 1 branch of the dungeon, and saw 6 of its levels.

You collected 194 gold pieces.

Inventory:

Hand Weapons
 d - a +1 war axe
 f - a +0 trident
Missiles
 v - 7 boomerangs (quivered)
Armour
 p - a +1 hat (worn)
Jewellery
 e - a +5 ring of evasion (right blade tentacle)
 g - a +5 ring of evasion (left blade tentacle)
 h - a ring of poison resistance (on tentacle)
Talismans
 b - a beast talisman
 c - a flux talisman
 m - a blade talisman (active)
Wands
 w - a wand of flame (8)
Scrolls
 j - a scroll of identify
 q - 2 scrolls of fog {unknown}
 s - a scroll of amnesia
 t - a scroll of immolation
 u - a scroll of poison
Potions
 a - a potion of lignification
 i - a potion of attraction
 k - 2 potions of resistance
 l - a potion of curing
 n - a potion of mutation
 o - a potion of haste


   Skills:
 * Level 3.2 Fighting
 + Level 0.1 Throwing
 * Level 4.7 Dodging
 + Level 4.9 Stealth
 + Level 6.1 Unarmed Combat
 * Level 0.3 Evocations
 * Level 5.1 Shapeshifting


You had 7 spell levels left.
You didn't know any spells.
Your spell library contained the following spells:

 Spells                   Type           Power      Damage    Failure   Level
 Magic Dart               Conj           0%         1d3       32%         1
 Searing Ray              Conj           0%         2d4       45%         2
 Call Canine Familiar     Summ           0%         N/A       69%         3
 Sigil of Binding         Hex            0%         N/A       69%         3
 Dimensional Bullseye     Hex/Tloc       0%         N/A       97%         4
 Fulminant Prism          Conj/Alch      0%         3d5       97%         4


Dungeon Overview and Level Annotations

Branches:
Dungeon (6/15)
 Temple: D:4-7

Altars:
Qazlal
Ru
Uskayaw

Shops:
D:2 !   D:3 [   D:4 =

Annotations:
D:6 Maggie


Innate Abilities, Weirdness & Mutations

You have blades for main tentacles.
Your maximum health is decreased, since you lack skill for your form.
You are incapable of wielding weapons or throwing items.
You cannot wear most types of armour.
You are amphibious.
You can wear up to eight rings at the same time.
Your skin changes colour to match your surroundings (Stealth+).
Your rubbery body absorbs attacks. (AC +1, EV +1)
((You are camouflaged when in or above water. (Stealth+)))
You have tentacles for arms and can constrict up to eight enemies at once.


Message History

You kill the ufetubus!
There is an open door here.
HP restored.
Found a war axe.
q - 2 scrolls labelled KUWANG XIGGAMIE You open the door.
You open the door.
Found 8 gold pieces.
There is an open door here.
Maggie the Vainglorious comes into view.
She is wielding a +1 broad axe of flaming.
You see here 8 gold pieces.
The helpless Maggie fails to defend herself.
You hit Maggie but do no damage. You grab Maggie. You constrict Maggie.
Maggie gives herself a magical halo, but it quickly sputters out.
Maggie completely misses you.
You hit Maggie but do no damage. You squeeze Maggie.
Maggie is lightly wounded.
You constrict Maggie. Maggie completely misses you.
You completely miss Maggie.
Maggie is lightly wounded.
You constrict Maggie, but do no damage.
Maggie points at you and mumbles some strange words.
The bolt of fire hits you!!
Ouch! That really hurt!
* * * LOW HITPOINT WARNING * * *
You hit Maggie but do no damage.
Maggie is lightly wounded.
You constrict Maggie. Maggie barely misses you.
You slash Maggie!
Maggie is moderately wounded.
You constrict Maggie.
Maggie gestures wildly while chanting.
Maggie attempts to bespell you!
You are mesmerised by Maggie!
You slash Maggie!
Maggie is severely wounded.
You constrict Maggie.
Maggie hits you with a +1 broad axe of flaming!
Ouch! That really hurt!
You die...

....#........##..#
....#....##..##..#
....#....###'##..#
....#...)#......$#
....#....#.......#
....#######+###..#
###......# #..#
..#......# #..#
..#......# +.@#
..#......# #.@#
..'........ ####
#'#........
...######.. ...#
.. ...# ...####
........


You could see Maggie (mesmerising).

Vanquished Creatures
  Prince Ribbit (D:5)
  Sigmund (D:5)
  2 phantoms
  A bullfrog (D:6)
  A scorpion (D:6)
  2 jellies
  2 bombardier beetles
  An orc priest (D:3)
  2 sleepcaps
  Jessica (D:3)
  Terence (D:3)
  An iguana (D:4)
  2 orc wizards
  3 adders
  3 gnolls (D:4)
  2 ufetubi (D:6)
  3 dart slugs
  12 orcs
  5 ball pythons
  3 bats
  8 endoplasms
  4 giant cockroaches
  5 goblins
  2 hobgoblins
  2 jackals (D:3)
  4 kobolds
  5 quokkas
  A frilled lizard (D:2)
  2 rats
82 creatures vanquished.

Vanquished Creatures (collateral kills)
  Robin (D:3)
  5 goblins (D:3)
  4 hobgoblins (D:3)
10 creatures vanquished.

Grand Total: 92 creatures vanquished

Notes
Turn   | Place    | Note
-------+----------+-------------------------------------------
     0 | D:1      | Dorkslayer the Octopode Shapeshifter began the quest for
                  | the Orb.
     0 | D:1      | Reached XP level 1. HP: 13/13 MP: 1/1
   293 | D:1      | Reached XP level 2. HP: 15/18 MP: 2/2
   979 | D:2      | Found Zageam's Distillery.
  1023 | D:2      | Reached XP level 3. HP: 21/23 MP: 3/3
  1512 | D:3      | Noticed Jessica
  1518 | D:3      | Killed Jessica
  1519 | D:3      | Reached skill level 1 in Stealth
  1519 | D:3      | Reached XP level 4. HP: 24/28 MP: 4/4
  1593 | D:3      | Noticed Robin
  1617 | D:3      | Killed Robin
  1641 | D:3      | Found Rief's Armour Boutique.
  1654 | D:3      | Reached skill level 4 in Unarmed Combat
  1745 | D:3      | Reached XP level 5. HP: 19/33 MP: 5/5
  1965 | D:3      | Noticed Terence
  1974 | D:3      | Killed Terence
  2273 | D:4      | Noticed a phantom
  2510 | D:4      | Killed a phantom
  2511 | D:4      | Reached XP level 6. HP: 31/39 MP: 6/6
  2598 | D:4      | You fall into a shaft and drop 1 floor!
  2598 | D:5      | Entered Level 5 of the Dungeon
  2694 | D:4      | Found Poocrimm's Jewellery Boutique.
  3293 | D:4      | Reached skill level 5 in Unarmed Combat
  3407 | D:4      | Reached XP level 7. HP: 45/45 MP: 7/7
  3446 | D:4      | Upgraded the game from 0.32-a0-30-gefbe487 to
                  | 0.32-a0-33-g74fbe46
  3461 | D:5      | Noticed Prince Ribbit
  3498 | D:5      | Killed Prince Ribbit
  3587 | D:5      | Found a stormy altar of Qazlal.
  3850 | D:5      | Found a sacrificial altar of Ru.
  4011 | D:5      | Noticed Sigmund
  4022 | D:5      | Killed Sigmund
  4023 | D:5      | Reached skill level 5 in Shapeshifting
  4023 | D:5      | Reached XP level 8. HP: 15/52 MP: 8/8
  4085 | D:5      | Found a hide-covered altar of Uskayaw.
  4266 | D:6      | Reached skill level 6 in Unarmed Combat
  4491 | D:6      | Noticed Maggie
  4504 | D:6      | Mangled by Maggie

Illustrated notes

Levels and vault maps discovered:
D:1:      minmay_arrival_stair_chambers, layout_basic, minmay_crystal_room,
          hangedman_decor_push
D:2:      layout_loops_ring, serial_shops, shop
D:3:      layout_loops_ring, serial_shops, shop, uniq_robin, uniq_terence,
          uniq_jessica
D:4:      layout_loops_corners, serial_shops, shop
D:5:      layout_basic, mainiacjoe_overflow_catwalk,
          nicolae_ru_the_path_less_chosen, kennysheep_little_box, uniq_sigmund,
          uniq_prince_ribbit1
D:6:      layout_gridville, mainiacjoe_overflow_small_starburst, hex_tiny,
          uniq_eustachio, uniq_maggie, uniq_menkaure

Skill      XL: |  1  2  3  4  5  6  7  8 |
---------------+-------------------------+-----
Stealth        | 1 2 3 4 |  4.9
Unarmed Combat | 4 5 6 |  6.1
Shapeshifting  | 4 5 |  5.1
Fighting       | 2 3 |  3.2
Dodging        | 3 4 |  4.7
Throwing       | |  0.1
Evocations     | |  0.3

Action                     |  1- 3 |  4- 6 |  7- 9 || total
---------------------------+-------+-------+-------++-------
  Melee: Unarmed           |    45 |    92 |    54 ||   191
         Tentacles         |    10 |    22 |     8 ||    40
         Constrict         |     9 |    19 |    12 ||    40
         Punch             |     2 |     4 |     3 ||     9
  Throw: Boomerang         |       |     1 |       ||     1
    Use: Scroll            |       |     7 |     9 ||    16
         Potion            |       |       |     2 ||     2
   Stab: Sleeping          |     5 |     4 |     5 ||    14
 Armour: Skin              |    12 |    27 |    13 ||    52
  Dodge: Dodged            |    24 |    80 |    41 ||   145
   Form: Blade             |       |       |     1 ||     1

Table legend: (Time is in decaauts)
 A = Elapsed time spent in this place.
 B = Non-inter-level travel time spent in this place.
 C = Inter-level travel time spent in this place.
 D = Time resting spent in this place.
 E = Time spent auto-exploring this place.
 F = Levels seen in this place.
 G = Mean time per level.
                   A        B        C        D        E       F      G
               +--------+--------+--------+--------+--------+-----+--------+
         Total |   4474 |   4474 |      0 |    253 |   2571 |   6 |  745.7 |
       Dungeon |   4474 |   4474 |      0 |    253 |   2571 |   6 |  745.7 |
               +--------+--------+--------+--------+--------+-----+--------+

Top non-repeatable levels by time:
     D:3: 1014 daAuts
     D:4: 988 daAuts
     D:1: 836 daAuts
     D:5: 787 daAuts
     D:2: 588 daAuts
     D:6: 258 daAuts
